 Dungeon Crawl Stone Soup version 0.17.1-1-g73c8601 (webtiles) character file.

3266 PriceChild the Protected (level 9, 0/81 HPs)
             Began as a Deep Dwarf Berserker on Dec 11, 2015.
             Was a Priest of Trog.
             Slain by an ogre
             ... wielding a +0 giant spiked club
              (17 damage)
             ... on level 8 of the Dungeon.
             The game lasted 00:42:31 (5780 turns).

PriceChild the Protected (Deep Dwarf Berserker)     Turns: 5780, Time: 00:42:31

Health: 0/81       AC: 15    Str: 23    XL:     9   Next: 68%
Magic:  8/8        EV:  9    Int:  9    God:    Trog [***...]
Gold:   483        SH:  4    Dex: 12    Spells: 0 memorised, 8 levels left

rFire  . . .     SeeInvis +     a - +3 hand axe
rCold  . . .     Clarity  .     G - +0 plate armour
rNeg   + . .     SustAt   .     o - +0 buckler
rPois  .         Gourm    .     (no helmet)
rElec  .         Spirit   .     (no cloak)
rCorr  +         Warding  .     n - +0 pair of gloves
rMut   .         Stasis   .     (no boots)
MR     +++..                    t - amulet of resist corrosion
Stlth  ..........               e - ring of see invisible
                                j - ring of positive energy

@: exhausted, non-regenerating, slowed, very slow, extremely resistant to
hostile enchantments, extremely unstealthy
A: damage resistance, recharge devices, sense surroundings 2, slow regeneration
3
a: Device Recharging, Berserk, Trog's Hand, Burn Spellbooks, Renounce Religion


You were on level 8 of the Dungeon.
You worshipped Trog.
Trog was most pleased with you.
You were full.

You visited 1 branch of the dungeon, and saw 8 of its levels.

You collected 483 gold pieces.

Inventory:

Hand Weapons
 a - a +3 hand axe (weapon)
 h - a +1 antimagic battleaxe
 y - a +0 battleaxe
Missiles
 u - 4 tomahawks of returning (quivered)
Armour
 i - a +0 large shield
 l - a +3 scale mail
 n - a +0 pair of gloves (worn)
 o - a +0 buckler (worn)
 A - a +0 chain mail
 G - a +0 plate armour (worn)
Jewellery
 e - a ring of see invisible (right hand)
 j - a ring of positive energy (left hand)
 p - a +3 ring of intelligence {unknown}
 t - an amulet of resist corrosion (around neck)
Wands
 c - a wand of heal wounds (0)
 E - a wand of teleportation (4)
Scrolls
 b - 5 scrolls of remove curse
 m - a scroll of teleportation
 w - 4 scrolls of identify
 x - a scroll of enchant armour
Potions
 d - a potion of cure mutation
 f - 5 potions of poison
 g - 4 potions of curing
 q - 4 potions of berserk rage {unknown}
 v - 2 potions of heal wounds {unknown}
 z - 2 potions of haste {unknown}
 B - 2 potions of might {unknown}
 C - a potion of magic
 D - 2 potions of flight {unknown}
 F - a potion of agility {unknown}
Books
 s - a book of the Tempests

   Spells                             Type                      Level
   a - Static Discharge               Conjuration/Air              3
   b - Lightning Bolt                 Conjuration/Air              5
   c - Fireball                       Conjuration/Fire             5
   d - Tornado                        Air                          9
   e - Shatter                        Earth                        9
   Trog disapproves of the use of such an item.
Comestibles
 k - 2 beef jerkies
 r - 3 bread rations


   Skills:
 + Level 5.3 Fighting
 + Level 7.9 Axes
 * Level 9.6 Armour
 + Level 6.6 Dodging
 + Level 2.0 Stealth
 + Level 2.7 Shields
 + Level 2.1 Evocations


You had 8 spell levels left.
You didn't know any spells.

Dungeon Overview and Level Annotations

Branches:
Dungeon (8/15)             Temple (0/1) D:7
   Lair: D:8-11

Altars:
Ashenzari
Cheibriados
Elyvilon
Okawaru
Qazlal
Ru
Trog
Xom


Innate Abilities, Weirdness & Mutations

You are resistant to damage.
You can recharge devices by infusing magical energy.
You passively map the area around you.
You do not regenerate naturally.


Message History

The ogre is lightly wounded.
You slash the ogre!
The ogre is moderately wounded.
The ogre hits you with a giant spiked club!
* * * LOW HITPOINT WARNING * * *
Evoke which item? (* to show all) (? for menu, Esc to quit)
This wand has no charges.
The ogre hits you with a giant spiked club.
Your skin crawls.
You feel resistant to hostile enchantments.
You feel slightly less full. You block the ogre's attack.
Your plate armour prevents you from hitting the ogre.
The ogre is moderately wounded.
The ogre hits you but does no damage. The ogre barely misses you.
You hit the ogre.
The ogre is heavily wounded.
You slash the ogre!
The ogre is severely wounded.
The ogre hits you with a giant spiked club!!
You die...

****************#####
*,,,,,,*,,,,,,,,..%.#*********
*,,,,,,*,*##****#...,,,,*,,,,,
*,,,,,,>,,..* #..,,,,,*,****
*,,,,,,,,*#.* #.#,,,,,*,*
*,,,,..,,*#.* #.#******,*
*,,,,.$..##.#####(######*,****
*,,,,.......O@†))........,,,,,
****,,..)###.####........,,,,,
**,,,** #.############,*,**
*,,,* #......# *,,,,, *,,,*
#..###.# *,,,,, *,,,* #..###.#
*,.,,, *,,,* #...##.# *.#.#*
*,,,* #.#.##.#######.#.# *****
#.#.##.##........#*


You could see an ogre.

Vanquished Creatures
  Erica (D:8)
  Joseph (D:7)
  4 orc warriors
  A black bear (D:7)
  3 ogres
  A big kobold (D:7)
  3 giant frogs
  2 scorpions
  5 crimson imps
  A giant frog zombie (D:5)
  A jelly (D:6)
  7 orc wizards
  2 iguanas
  3 hounds
  5 orc priests
  Terence (D:2)
  6 worker ants
  A worker ant zombie (D:7)
  7 adders
  6 gnolls (D:6)
  3 oozes
  2 adder zombies
  A worm (D:2)
  2 giant geckos
  29 orcs
  2 giant cockroaches
  10 hobgoblins
  11 kobolds
  2 quokkas
  A ball python (D:4)
  A ball python skeleton (D:4)
  11 bats
  A giant gecko skeleton (D:6)
  3 giant newts
  6 goblins
  5 jackals
  A quokka skeleton (D:7)
  A quokka zombie (D:7)
  6 rats
159 creatures vanquished.

Vanquished Creatures (collateral kills)
  An orc warrior (D:6)
  A sky beast (D:6)
  An adder (D:6)
  An orc (D:6)
4 creatures vanquished.

Vanquished Creatures (others)
  A shadow imp (D:8)
1 creature vanquished.

Grand Total: 164 creatures vanquished

Notes
Turn   | Place    | Note
--------------------------------------------------------------
     0 | D:1      | PriceChild the Deep Dwarf Berserker began the quest for the Orb.
     0 | D:1      | Reached XP level 1. HP: 20/20 MP: 1/1
    54 | D:1      | Reached XP level 2. HP: 26/28 MP: 2/2
   805 | D:1      | Reached ** piety under Trog
   991 | D:1      | Reached XP level 3. HP: 7/34 MP: 3/3
  1284 | D:2      | Found a bloodstained altar of Trog.
  1425 | D:2      | Noticed Terence
  1453 | D:2      | Killed Terence
  1457 | D:2      | Found a stormy altar of Qazlal.
  1582 | D:2      | Reached skill level 4 in Axes
  1582 | D:2      | Reached XP level 4. HP: 33/42 MP: 4/4
  1642 | D:2      | Found a snail-covered altar of Cheibriados.
  1826 | D:2      | Reached skill level 1 in Stealth
  2271 | D:3      | Reached *** piety under Trog
  2320 | D:3      | Found a white marble altar of Elyvilon.
  2405 | D:3      | Reached XP level 5. HP: 26/49 MP: 5/5
  2798 | D:4      | Noticed an ogre
  2807 | D:4      | Killed an ogre
  2807 | D:4      | Reached XP level 6. HP: 35/56 MP: 5/5
  3287 | D:5      | Entered Level 5 of the Dungeon
  3457 | D:5      | Reached skill level 5 in Dodging
  3491 | D:5      | Reached skill level 5 in Axes
  3664 | D:5      | Reached XP level 7. HP: 29/63 MP: 6/6
  3820 | D:6      | Reached skill level 1 in Shields
  3847 | D:6      | Found an iron altar of Okawaru.
  3854 | D:6      | Reached skill level 5 in Armour
  3860 | D:6      | Found a sacrificial altar of Ru.
  3895 | D:6      | Reached skill level 1 in Evocations
  3904 | D:6      | Reached **** piety under Trog
  4074 | D:6      | Found a shattered altar of Ashenzari.
  4107 | D:6      | Reached skill level 6 in Armour
  4107 | D:6      | Reached XP level 8. HP: 42/72 MP: 0/8
  4343 | D:6      | Found a shimmering altar of Xom.
  4943 | D:7      | Reached skill level 7 in Armour
  5097 | D:7      | Noticed Joseph
  5113 | D:7      | Killed Joseph
  5113 | D:7      | Gained mutation: You passively map the area around you. [Deep Dwarf growth]
  5113 | D:7      | Reached XP level 9. HP: 65/80 MP: 8/8
  5204 | D:7      | Found a staircase to the Ecumenical Temple.
  5328 | D:7      | Reached skill level 8 in Armour
  5643 | D:8      | Noticed Erica
  5670 | D:8      | Killed Erica
  5670 | D:8      | Reached skill level 5 in Fighting
  5670 | D:8      | Reached skill level 9 in Armour
  5780 | D:8      | Slain by an ogre

Action                   |  1- 3 |  4- 6 |  7- 9 || total
-------------------------+-------+-------+-------++-------
Melee: Hand axe          |   119 |   183 |   383 ||   685
Invok: Berserk           |     1 |     1 |     3 ||     5
       Burn Spellbooks   |       |     1 |       ||     1
       Trog's Hand       |       |       |    11 ||    11
       Brothers in Arms  |       |       |     2 ||     2
 Abil: Device Recharging |       |     1 |     1 ||     2
Evoke: Wand              |     3 |     2 |     9 ||    14
  Use: Scroll            |     6 |     7 |     8 ||    21
       Potion            |       |     7 |       ||     7
  Eat: Bread ration      |     2 |       |       ||     2
       Meat ration       |       |     1 |     3 ||     4
